 Dungeon Crawl Stone Soup version 0.26-a0-1053-gaff5f71418 (webtiles) character file.

Game seed: 7101903555526678178

318 stormannn the Stinger (level 6, -1/49 HPs)
             Began as a Naga Venom Mage on Dec 13, 2020.
             Slain by a phantom (3 damage)
             ... on level 4 of the Dungeon.
             The game lasted 00:19:27 (4970 turns).

stormannn the Stinger (Naga Venom Mage)             Turns: 4970, Time: 00:19:28

Health: -1/49      AC:  7    Str: 10    XL:     6   Next: 45%
Magic:  8/10       EV: 10    Int: 18    God:
Gold:   93         SH:  0    Dex: 11    Spells: 7/10 levels left

rFire    + . .     SeeInvis +   q - +2 whip (pain)
rCold    . . .     Faith    .   (no shield)
rNeg     . . .     Spirit   .   j - +3 leather armour {rF+}
rPois    +         Reflect  .   l - +0 helmet
rElec    .         Harm     .   c - scarf {shadows}
rCorr    .         Rampage  .   (no gloves)
Will     .....                  (no barding)
Stlth    ++........             (no amulet)
HPRegen  0.16/turn              (no ring)
MPRegen  0.12/turn              (no ring)

@: about to teleport, very slightly contaminated, very slow
A: large, see invisible, deformed body, poison resistance, slowness 2, spit
poison 1, AC +2
a: Spit Poison


You were on level 4 of the Dungeon.
You visited 1 branch of the dungeon, and saw 4 of its levels.

You collected 93 gold pieces.

Inventory:

Hand Weapons
 b - a +0 short sword
 h - a +0 spear
 q - a +2 whip of pain (weapon)
Missiles
 m - 18 poisoned darts
Armour
 c - a scarf of shadows (worn)
 j - a +3 leather armour of fire resistance (worn)
 l - a +0 helmet (worn)
 o - +0 fire dragon scales
Scrolls
 a - a scroll of enchant weapon {unknown}
 d - a scroll of teleportation
 e - a scroll of fog {unknown}
 f - a scroll of amnesia {unknown}
 g - 3 scrolls of identify
 k - a scroll of magic mapping {unknown}
 n - a scroll of blinking {unknown}
Potions
 i - a potion of might {unknown}
 p - a potion of brilliance {unknown}


   Skills:
 * Level 3.3 Dodging
 + Level 4.9 Stealth
 + Level 2.9 Spellcasting
 + Level 2.6 Transmutations
 + Level 0.7 Air Magic
 + Level 5.1 Poison Magic


You had 7 spell levels left.
You knew the following spells:

 Your Spells              Type           Power        Failure   Level
a - Sting                 Tmut/Pois      #...         4%          1
b - Poisonous Vapours     Pois/Air       #.....       10%         2

Your spell library contained the following spells:

 Spells                   Type           Power        Failure   Level
 Ignite Poison            Fire/Tmut/Pois #.......     22%         3
 Olgreb's Toxic Radiance  Pois           ##......     26%         4
 Mephitic Cloud           Conj/Pois/Air  #.......     30%         3


Dungeon Overview and Level Annotations

Branches:
Dungeon (4/15)
 Temple: D:4-7

Altars:
Zin


Innate Abilities, Weirdness & Mutations

You cannot wear boots.
Your serpentine skin is tough. (AC +2)
You have supernaturally acute eyesight. (SInv)
Armour fits poorly on your strangely shaped body.
Your system is resistant to poisons. (rPois)
You cover ground very slowly.
You can spit poison.


Message History

The phantom is heavily damaged.
The phantom hits you.
* * * LOW HITPOINT WARNING * * *
The phantom hits you!
* * * LOW HITPOINT WARNING * * *
You hit the phantom.
The phantom is severely damaged.
The phantom closely misses you.
As you read the scroll of teleportation, it crumbles to dust.
You feel strangely unstable. The phantom barely misses you.
You hit the phantom but do no damage.
The phantom is heavily damaged.
The phantom hits you.
* * * LOW HITPOINT WARNING * * *
Things that are here:
4 boomerangs; a +0 scale mail; an orc corpse You hit the phantom.
The phantom is severely damaged.
The phantom hits you.
You die...

#. .# #. .# #.
#.# ###. ..
...#.# #...#
#.# #@# #W#
#.# #[# # #.#
#.#.##
#....#########
#............#
#....#######.#


You could see a phantom.

Vanquished Creatures
  A sky beast (D:2)
  A scorpion (D:4)
  An orc wizard (D:4)
  3 gnolls (D:2)
  5 adders
  An ooze (D:3)
  2 worms
  A dart slug (D:2)
  A leopard gecko (D:1)
  3 orcs (D:4)
  3 giant cockroaches
  6 goblins
  8 hobgoblins
  2 quokkas
  2 ball pythons (D:1)
  6 bats
  5 frilled lizards
  11 kobolds
  8 rats
70 creatures vanquished.

Notes
Turn   | Place    | Note
-------+----------+-------------------------------------------
     0 | D:1      | stormannn the Naga Venom Mage began the quest for the Orb.
     0 | D:1      | Reached XP level 1. HP: 15/15 MP: 3/3
   502 | D:1      | Reached XP level 2. HP: 21/22 MP: 1/5
   547 | D:1      | Learned a level 2 spell: Poisonous Vapours
  1039 | D:1      | Reached XP level 3. HP: 28/28 MP: 4/6
  2140 | D:2      | Reached XP level 4. HP: 36/36 MP: 4/7
  2152 | D:2      | HP: 1/36 [gnoll/+0 halberd (13)]
  2832 | D:2      | Noticed a sky beast
  2850 | D:2      | Killed a sky beast
  2851 | D:2      | Reached XP level 5. HP: 15/42 MP: 7/9
  3463 | D:3      | Found a glowing silver altar of Zin.
  3484 | D:3      | Reached skill level 5 in Poison Magic
  3894 | D:3      | Reached XP level 6. HP: 44/49 MP: 10/10
  4425 | D:4      | Noticed a phantom
  4968 | D:4      | HP: 2/49 [phantom (4)]
  4970 | D:4      | Slain by a phantom

Illustrated notes

Levels and vault maps discovered:
D:1:      lightli_arrival_quake, layout_loops_cross
D:2:      layout_rooms, minmay_small_reverse_x
D:3:      layout_basic, overflow_temple_1_default
D:4:      layout_loops_ring, kennysheep_donut

Skill      XL: |  1  2  3  4  5 |
---------------+----------------+-----
Dodging        | 2 3 |  3.3
Stealth        | 4 |  4.9
Transmutations | 2 |  2.6
Poison Magic   | 5 |  5.1
Spellcasting   | |  2.9
Air Magic      | |  0.7

Action                   |  1- 3 |  4- 6 || total
-------------------------+-------+-------++-------
Melee: Unarmed           |    13 |       ||    13
       Short sword       |    28 |     8 ||    36
       Spear             |       |    65 ||    65
       Whip              |       |    17 ||    17
 Cast: Sting             |    61 |    51 ||   112
       Poisonous Vapours |     1 |    22 ||    23
  Use: Scroll            |     2 |     2 ||     4
       Potion            |     2 |     1 ||     3
 Stab: Sleeping          |       |     1 ||     1
Armor: Robe              |    14 |     2 ||    16
       Leather armour    |       |    18 ||    18
Dodge: Dodged            |    31 |    50 ||    81

Table legend: (Time is in decaauts)
 A = Elapsed time spent in this place.
 B = Non-inter-level travel time spent in this place.
 C = Inter-level travel time spent in this place.
 D = Time resting spent in this place.
 E = Time spent auto-exploring this place.
 F = Levels seen in this place.
 G = Mean time per level.
                   A        B        C        D        E       F      G
               +--------+--------+--------+--------+--------+-----+--------+
         Total |   5766 |   5583 |    183 |   2405 |   2167 |   4 | 1441.5 |
       Dungeon |   5766 |   5583 |    183 |   2405 |   2167 |   4 | 1441.5 |
               +--------+--------+--------+--------+--------+-----+--------+

Top non-repeatable levels by time:
     D:1: 2295 daAuts
     D:3: 1625 daAuts
     D:2: 1389 daAuts
     D:4: 455 daAuts
